 Dungeon Crawl Stone Soup version bcrawl-1.37.2 (webtiles) character file.

Game seed: 6645540574726868983

119633 Mehrunes the Digger (level 5, 0/31 HPs)
             Began as an Octopode Earth Elementalist on Nov 16, 2022.
             Slain by a wight
             ... wielding a +4 war axe
              (15 damage)
             ... on level 4 of the Dungeon.
             The game lasted 00:03:54 (3327 turns).

Mehrunes the Digger (Octopode Earth Elementalist)   Turns: 3327, Time: 00:03:55

Health: 0/31       AC:  1    Str:  7    XL:     5   Next: 47%
Magic:  5/10       EV: 13    Int: 19    God:
Gold:   154        SH:  0    Dex: 12    Spells: 3/11 levels left

rFire    . . .     GDR:     24% j - +1 dagger (venom)
rCold    . . .     SeeInvis .   (no shield)
rNeg     . . .     Gourm    +   (helmet restricted)
rPois    .         Faith    .   (cloak restricted)
rElec    .         Spirit   .   f - amulet of the gourmand
rCorr    .         Reflect  .   o - +4 ring of slaying
MR       .....                  (no ring)
Stlth    +++.......             (no ring)
HPRegen  0.15/turn              (no ring)
MPRegen  0.12/turn              (no ring)
                                (no ring)
                                (no ring)
                                (no ring)

@: very slightly contaminated, lightly drained
A: almost no armour, stealthy swim, resist paralysis, amphibious, 8 rings,
constrict 8, camouflage 1, gelatinous body 1
a: no special abilities


You were on level 4 of the Dungeon.
You were not hungry.

You visited 1 branch of the dungeon, and saw 4 of its levels.

You collected 154 gold pieces.

Inventory:

Hand Weapons
 a - a +0 dagger
 j - a +1 dagger of venom (weapon)
Missiles
 b - 431 stones (quivered)
 k - 134 poisoned tomahawks
Armour
 l - a scarf of stasis
Jewellery
 f - an amulet of the gourmand (around mantle)
 o - a +4 ring of slaying (left tentacle)
 s - a +5 ring of protection {unknown}
Wands
 n - a wand of acid (6)
 r - a wand of flame (12)
Scrolls
 c - a scroll of fear {unknown}
 i - a scroll of identify
 m - 2 scrolls of teleportation {unknown}
 t - a scroll of enchant armour {unknown}
 u - 3 scrolls of remove curse {unknown}
Potions
 d - 3 potions of haste
 g - a potion of curing {unknown}
 h - a potion of magic
 q - a potion of brilliance {unknown}
Comestibles
 e - 7 rations {!d}
 p - a chunk of flesh


   Skills:
 - Level 2.0(1.6) Dodging
 - Level 3.0(2.6) Stealth
 - Level 1.0(0.6) Unarmed Combat
 + Level 3.7(3.3) Spellcasting
 + Level 1.7(1.4) Transmutations
 + Level 4.5(4.1) Earth Magic


You had 3 spell levels left.
You knew the following spells:

 Your Spells              Type           Power        Failure   Level  Hunger
a - Sandblast             Erth           ###...       2%          1    None
b - Stone Arrow           Conj/Erth      ##....       19%         3    ####...
c - Petrify               Tmut/Erth      ##........   43%         4    #####..

Your spell library contained the following spells:

 Spells                   Type           Power        Failure   Level  Hunger
 Passwall                 Tmut/Erth      ##......     7%          2    #......
 Necrotize                Necr           #.....       14%         1    None
 Vampiric Draining        Necr           #.........   41%         3    ####...
 Lee's Rapid Deconstruct  Erth           ###.......   58%         5    ######.
 Agony                    Necr           #.......     82%         4    #####..
 Animate Dead             Necr           N/A          82%         4    #####..
 Dispel Undead            Necr           #.......     99%         5    ######.


Dungeon Overview and Level Annotations

Branches:
Dungeon (4/12)
 Temple: D:4-7

Altars:
Dithmenos
Elyvilon
Okawaru
Sif Muna
Zin
The Shining One

Annotations:
D:3 1 runed door


Innate Abilities, Weirdness & Mutations

You cannot wear most types of armour.
You are very stealthy in the water. (Stealth+)
Your unusual nervous system resists paralysis.
You are amphibious.
You can wear up to eight rings at the same time.
You can use your tentacles to constrict eight enemies at once.
Your skin changes colour to match your surroundings (Stealth+).
Your rubbery body absorbs attacks. (AC +1, EV +1)


Message History

There is an open door here.
The wight hits you with a +4 war axe!
You feel drained.
Casting: Sandblast (safe; 2% risk of failure)
Confirm with . or Enter, or press ? or * to list all spells.
Aiming: Sandblast (safe; 2% risk of failure)
Press: ? - help, Shift-Dir - straight line, f - wight
Aim: a wight, wielding a +4 war axe and wearing a +0 robe The blast of sand hits the wight.
The wight is lightly damaged.
b - 431 stones
Casting: Sandblast (safe; 2% risk of failure)
Confirm with . or Enter, or press ? or * to list all spells.
Aiming: Petrify (quite dangerous; 43% risk of failure)
Press: ? - help, Shift-Dir - straight line, f/p - wight
Aim: a wight, wielding a +4 war axe and wearing a +0 robe (lightly damaged, chance to defeat MR: 53%)
You miscast Petrify.
You are very lightly contaminated with residual magic.
Multicoloured lights dance before your eyes!
The wight hits you with a +4 war axe!
You die...

#.........#
+.........+
#...<.....#
##......[##
##......#
##...#.#
##'##.#
#.##.#
#@##.#
#z##.#
...#.#
......#
#....#.#
#.#.#...
#.#.#. ##
.....).


You could see a wight.

Vanquished Creatures
  An orc wizard (D:3)
  4 adders
  2 worms
  5 dart slugs
  3 leopard geckos
  8 orcs (D:3)
  6 bats
  A giant cockroach (D:1)
  6 goblins
  7 hobgoblins
  7 jackals (D:3)
  A quokka (D:3)
  6 frilled lizards
  10 kobolds
  8 rats
75 creatures vanquished.

Notes
Turn   | Place    | Note
-------+----------+-------------------------------------------
     0 | D:1      | Mehrunes the Octopode Earth Elementalist began the quest
                  | for the Orb.
     0 | D:1      | Reached XP level 1. HP: 11/11 MP: 3/3
   171 | D:1      | Reached XP level 2. HP: 17/17 MP: 0/5
   592 | D:1      | Reached XP level 3. HP: 21/21 MP: 4/6
  1347 | D:2      | Learned a level 3 spell: Stone Arrow
  1918 | D:2      | Reached XP level 4. HP: 27/27 MP: 5/8
  1937 | D:2      | Reached skill level 4 in Earth Magic
  2231 | D:3      | Found a runed door.
  2313 | D:3      | Found an iron altar of Okawaru.
  2471 | D:3      | Learned a level 4 spell: Petrify
  2617 | D:3      | Found a shimmering blue altar of Sif Muna.
  2622 | D:3      | Found a shadowy altar of Dithmenos.
  2656 | D:3      | Reached XP level 5. HP: 12/31 MP: 10/10
  2769 | D:3      | Found a glowing golden altar of the Shining One.
  2779 | D:3      | Found a glowing silver altar of Zin.
  2780 | D:3      | Found a white marble altar of Elyvilon.
  3327 | D:4      | Slain by a wight

Skill      XL: |  1  2  3  4 |
---------------+-------------+-----
Spellcasting   | 3 |  3.7
Earth Magic    | 4 |  4.5
Dodging        | |  2.0
Stealth        | |  3.0
Unarmed Combat | |  1.0
Transmutations | |  1.7

Action                   |  1- 3 |  4- 6 || total
-------------------------+-------+-------++-------
Melee: Dagger            |     5 |     6 ||    11
       Constrict         |     3 |     4 ||     7
       Tentacles         |     1 |       ||     1
 Cast: Sandblast         |    51 |    51 ||   102
  Use: Potion            |       |     2 ||     2
  Eat: Chunk             |     4 |     5 ||     9
Armor: Skin              |     1 |     2 ||     3
Dodge: Dodged            |    20 |    10 ||    30
